 Dungeon Crawl Stone Soup version 0.28-a0-1567-g1695149f81 (webtiles) character file.

Game seed: 18170002643858916917

3180 mcsnuffy the Basher (level 9, -2/62 HPs)
             Began as a Demigod Conjurer on Jan 19, 2022.
             Slain by a gnoll (7 damage)
             ... on level 7 of the Dungeon.
             The game lasted 00:46:53 (10137 turns).

mcsnuffy the Basher (Demigod Conjurer)             Turns: 10137, Time: 00:46:53

Health: -2/62      AC:  9    Str: 18    XL:     9   Next: 37%
Magic:  16/16      EV: 10    Int: 35    God:
Gold:   324        SH:  5    Dex: 12    Spells: 11/14 levels left

rFire   . . .      SeeInvis .   j - +4 morningstar of the Smoking Asp {chaos, rCorr Int+7}
rCold   . . .      Faith    .   e - +0 buckler
rNeg    . . .      Spirit   .   u - +0 ring mail of the Loofah {rPois}
rPois   +          Reflect  .   (no helmet)
rElec   .          Harm     .   (no cloak)
rCorr   +          Rampage  .   a - +2 pair of gloves
Will    .....                   v - +0 pair of boots
Stlth   +.........              (no amulet)
HPRegen 0.20/turn               S - +6 ring of strength
MPRegen 0.15/turn               (no ring)

@: no status effects
A: high mp 1, forlorn, divine attributes
a: no special abilities


You were on level 7 of the Dungeon.
You visited 1 branch of the dungeon, and saw 7 of its levels.

You collected 324 gold pieces.


Innate Abilities, Weirdness & Mutations

You have an increased reservoir of magic. (+10% MP)
You shall have no god before yourself.
Your divine heritage dramatically boosts your attributes as you level up.


   Skills:
 + Level 9.7 Maces & Flails
 - Level 1.7 Dodging
 - Level 1.7 Stealth
 - Level 4.0 Shields
 - Level 3.0 Spellcasting
 - Level 7.0 Conjurations


You had 11 spell levels left.
You knew the following spells:

 Your Spells              Type           Power      Damage    Failure   Level
m - Magic Dart            Conj           100%       1d8       1%          1
s - Searing Ray           Conj           100%       2d8       1%          2

Your spell library contained the following spells:

 Spells                   Type           Power      Damage    Failure   Level
 Foxfire                  Conj/Fire      100%       2x1d9     2%          1
 Conjure Flame            Conj/Fire      29%        6-21      9%          3
 Dazzling Flash           Conj/Hex       58%        N/A       9%          3
 Apportation              Tloc           10%        N/A       12%         1
 Flame Wave               Conj/Fire      29%        2d6       28%         4
 Fulminant Prism          Conj/Hex       14%        3d9       28%         4
 Iskenderun's Mystic Bla  Conj/Tloc      29%        2d7       28%         4
 Gell's Gravitas          Tloc           5%         N/A       34%         3
 Inner Flame              Hex/Fire       5%         N/A       34%         3
 Lesser Beckoning         Tloc           5%         N/A       34%         3
 Teleport Other           Tloc           5%         N/A       34%         3
 Alistair's Intoxication  Tmut/Pois      3%         N/A       97%         5
 Starburst                Conj/Fire      14%        6d6       99%         6

Inventory:

Hand Weapons
 j - the +4 morningstar of the Smoking Asp (weapon) {chaos, rCorr Int+7}
   (You found it on level 6 of the Dungeon)

   Each time it hits an enemy it has a different, random effect.
   Int:       It affects your intelligence (+7).
   rCorr:     It protects you from acid and corrosion.
 l - a +0 spectral morningstar
Armour
 a - a +2 pair of gloves (worn)
 e - a +0 buckler (worn)
 u - the +0 ring mail of the Loofah (worn) {rPois}
   (You found it on level 6 of the Dungeon)

   rPois:     It protects you from poison.
 v - a +0 pair of boots (worn)
Jewellery
 S - a +6 ring of strength (left hand)
 W - a ring of willpower
Scrolls
 b - a scroll of enchant weapon {unknown}
 c - a scroll of brand weapon
 d - a scroll of identify {@r1}
 f - a scroll of fog
 g - a scroll of torment {unknown}
 h - 5 scrolls of teleportation {@r2}
 k - 2 scrolls of holy word {unknown}
 r - a scroll of immolation {unknown}
 t - a scroll of vulnerability {unknown}
Potions
 i - a potion of heal wounds {@q2}
 m - a potion of ambrosia {unknown}
 n - 4 potions of mutation
 o - a potion of attraction {unknown}
 p - a potion of flight
 s - a potion of invisibility {unknown}

Dungeon Overview and Level Annotations

Branches:
Dungeon (7/15)             Temple (0/1) D:7

Annotations:
D:2 Barbarella's ghost, weakling MiBe #.... ............. #... ..(........ #... ......... ##). ....... #.. ..... #.. .gO

##' #g##+# #. #@##.# ##
#)##.# # ####....## #
#.........#
#.........############
#........^...........#
#.....................
......................♣
.......................


You could see an ogre and 2 gnolls.


Message History

Items here: ( )) ? [ †††.
You thump the gnoll! You burn the gnoll.
The gnoll is severely wounded.
You block the gnoll's attack.
The gnoll drinks a potion.
The gnoll seems to grow stronger.
You closely miss the gnoll.
The gnoll is severely wounded.
The gnoll barely misses you.
The gnoll hits you from afar with a +0 spear.
* * * LOW HITPOINT WARNING * * *
You closely miss the gnoll.
The gnoll is severely wounded.
The gnoll hits you with a +0 halberd.
* * * LOW HITPOINT WARNING * * *
The gnoll hits you from afar with a +0 spear.
* * * LOW HITPOINT WARNING * * *
The gnoll barely misses you.
You hit the gnoll.
The gnoll is almost dead.
The gnoll hits you from afar with a +0 spear!
* * * LOW HITPOINT WARNING * * *
The gnoll barely misses you.
You completely miss the gnoll.
The gnoll is almost dead.
The gnoll hits you but does no damage. The gnoll barely misses you. x2
You barely miss the gnoll.
The gnoll is almost dead.
You block the gnoll's attack.
The gnoll hits you from afar with a +0 spear!
You die...

Skill      XL: |  1  2  3  4  5  6  7  8  9 |
---------------+----------------------------+-----
Conjurations   | 4 5 6 7 |  7.0
Shields        | 1 2 4 |  4.0
Spellcasting   | 2 3 |  3.0
Maces & Flails | 1 4 8 9 |  9.7
Dodging        | |  1.7
Stealth        | |  1.7

Action                   |  1- 3 |  4- 6 |  7- 9 || total
-------------------------+-------+-------+-------++-------
Melee: Dagger            |    10 |       |       ||    10
       Unarmed           |     5 |       |       ||     5
       Punch             |     1 |       |       ||     1
       Morningstar       |       |       |   109 ||   109
 Cast: Magic Dart        |    97 |    92 |   101 ||   290
       Searing Ray       |     1 |     8 |    16 ||    25
  Use: Potion            |     2 |       |       ||     2
       Scroll            |       |     2 |     3 ||     5
 Stab: Distracted        |       |       |     1 ||     1
Armor: Robe              |     3 |     2 |       ||     5
       Ring mail         |       |     2 |    58 ||    60
Dodge: Dodged            |    28 |    10 |    76 ||   114
Block: Buckler           |     1 |     3 |    29 ||    33

Levels and vault maps discovered:
D:1:      dpeg_arrival_pits, layout_loops_corners,
          ebering_ecumenical_altar_sacrificial
D:2:      layout_loops_ring, serial_forest, infiniplex_forest_straight_3,
          infiniplex_forest_lined_1, infiniplex_forest_clump_tiny,
          infiniplex_forest_zigzag_2, infiniplex_forest_straight_4,
          infiniplex_forest_end_2, grunt_ministairs_6, grunt_decor_cap,
          roderic_roman_lattice
D:3:      layout_basic, mainiacjoe_overflow_surrounded_room,
          ebering_ghost_sewer_d, minmay_misc_feat_chi
D:4:      layout_rooms, gammafunk_temple_overflow_claw, fedhas_ov_isle_minmay,
          serial_undead, serial_undead_c, serial_undead_c, serial_undead_e,
          serial_undead_e, minmay_rat_hole
D:5:      layout_gridville
D:6:      kennysheep_windowed_halls, layout_basic,
          lemuel_zombie_altar_kikubaaqudgha, cheibrodos_ashenzari_chains,
          mainiacjoe_overflow_24_doors, chequers_serial_rivers_micro_a,
          hex_large, amcnicky_mini_rare_corridor_liquid, serial_bayou_lagoon_b
D:7:      cheibrodos_shockbox, layout_basic, minmay_temple_entry_trees,
          nicolae_shop_firing_range

Notes
Turn   | Place    | Note
-------+----------+-------------------------------------------
     0 | D:1      | mcsnuffy the Demigod Conjurer began the quest for the Orb.
     0 | D:1      | Reached XP level 1. HP: 14/14 MP: 5/5
   274 | D:1      | Reached skill level 4 in Conjurations
   420 | D:1      | Reached XP level 2. HP: 13/20 MP: 1/7
   637 | D:1      | Learned a level 2 spell: Searing Ray
  1472 | D:1      | Reached XP level 3. HP: 26/26 MP: 2/8
  2334 | D:2      | Reached skill level 5 in Conjurations
  2721 | D:3      | Reached skill level 1 in Shields
  2964 | D:2      | Reached skill level 2 in Spellcasting
  2964 | D:2      | Reached XP level 4. HP: 19/33 MP: 2/9
  3323 | D:3      | Found a runed translucent door.
  3327 | D:3      | Noticed a bullfrog
  3327 | D:3      | Noticed a necrophage
  3337 | D:3      | Killed a necrophage
  3338 | D:3      | Reached skill level 2 in Shields
  3338 | D:3      | Reached XP level 5. HP: 22/38 MP: 2/12
  3473 | D:3      | Noticed Barbarella's ghost (weakling MiBe)
  3479 | D:3      | Reached skill level 3 in Spellcasting
  3480 | D:3      | Reached skill level 3 in Shields
  4533 | D:4      | Noticed an ogre
  4542 | D:4      | Killed an ogre
  4543 | D:4      | Reached skill level 4 in Shields
  4543 | D:4      | Reached XP level 6. HP: 45/45 MP: 6/13
  5403 | D:4      | Reached skill level 6 in Conjurations
  5517 | D:4      | Reached skill level 1 in Maces & Flails
  5517 | D:4      | Reached XP level 7. HP: 34/50 MP: 4/14
  5964 | D:5      | Entered Level 5 of the Dungeon
  6300 | D:5      | Reached skill level 2 in Maces & Flails
  6878 | D:5      | Reached skill level 3 in Maces & Flails
  7326 | D:5      | Reached skill level 7 in Conjurations
  7790 | D:6      | Reached skill level 4 in Maces & Flails
  7948 | D:6      | Identified the +0 ring mail of the Loofah {rPois}
  8062 | D:5      | Reached XP level 8. HP: 47/57 MP: 7/15
  8253 | D:6      | Reached skill level 5 in Maces & Flails
  8892 | D:6      | Reached skill level 6 in Maces & Flails
  9436 | D:6      | Reached skill level 7 in Maces & Flails
  9604 | D:6      | Reached skill level 8 in Maces & Flails
  9611 | D:6      | Reached XP level 9. HP: 62/62 MP: 16/16
  9744 | D:6      | Reached skill level 9 in Maces & Flails
  9775 | D:6      | Identified the +4 morningstar of the Smoking Asp {chaos,
                  | rCorr Int+7}
  9853 | D:7      | Found a staircase to the Ecumenical Temple.
 10135 | D:7      | HP: 5/62 [gnoll (10)]
 10137 | D:7      | Slain by a gnoll

Vanquished Creatures
  A wraith (D:6)
  An acid dragon (D:7)
  2 sky beasts (D:6)
  A black bear (D:6)
  2 orc warriors
  2 ice beasts (D:6)
  2 ogres
  3 centaurs
  2 necrophages
  A phantom (D:6)
  5 scorpions
  A bullfrog (D:3)
  4 water moccasin zombies
  A wyvern zombie (D:5)
  A wyvern skeleton (D:6)
  A killer bee (D:6)
  3 electric eels (D:6)
  A howler monkey (D:6)
  A centaur zombie (D:6)
  A jelly (D:5)
  A gnoll shaman (D:7)
  A hound (D:5)
  3 orc priests
  A centaur skeleton (D:6)
  5 iguanas
  2 orc wizards (D:2)
  A scorpion zombie (D:5)
  2 killer bee zombies (D:6)
  2 hound skeletons (D:4)
  5 gnolls
  9 adders
  A white imp (D:5)
  3 ufetubi
  An adder skeleton (D:4)
  2 adder zombies
  A worm (D:3)
  5 dart slugs
  14 orcs
  6 ball pythons
  2 bat zombies (D:6)
  2 endoplasms
  A giant cockroach (D:3)
  7 goblins
  5 hobgoblins
  3 jackals (D:1)
  3 quokkas
  6 bats
  3 frilled lizards
  A jackal skeleton (D:4)
  7 kobolds
  22 rats
163 creatures vanquished.

Vanquished Creatures (others)
  13 plants (D:6)
13 creatures vanquished.

Grand Total: 176 creatures vanquished

Table legend: (Time is in decaauts)
 A = Elapsed time spent in this place.
 B = Non-inter-level travel time spent in this place.
 C = Inter-level travel time spent in this place.
 D = Time resting spent in this place.
 E = Time spent auto-exploring this place.
 F = Levels seen in this place.
 G = Mean time per level.
                   A        B        C        D        E       F      G
               +--------+--------+--------+--------+--------+-----+--------+
         Total |  10187 |   9842 |    345 |   3323 |   4312 |   7 | 1455.3 |
       Dungeon |  10187 |   9842 |    345 |   3323 |   4312 |   7 | 1455.3 |
               +--------+--------+--------+--------+--------+-----+--------+

Top non-repeatable levels by time:
     D:6: 2087 daAuts
     D:5: 1852 daAuts
     D:1: 1812 daAuts
     D:2: 1586 daAuts
     D:4: 1431 daAuts
     D:3: 1128 daAuts
     D:7: 288 daAuts

Table legend:
 A = Non-vault XP
 B = Vault XP
 C = Vault XP percentage of total XP
 D = Non-vault monster count
 E = Vault monster count
 F = Vault count percentage of total count
                 A         B        C        D         E       F
            +---------+---------+-------+---------+---------+-------
      Total |    2705 |    1839 |  40.5 |     112 |      51 |  31.3
            +---------+---------+-------+---------+---------+-------
        D:1 |      55 |       0 |   0.0 |      33 |       0 |   0.0
        D:2 |     110 |       4 |   3.5 |      11 |       2 |  15.4
        D:3 |     160 |     117 |  42.2 |      12 |       3 |  20.0
        D:4 |     384 |     146 |  27.5 |      14 |      24 |  63.2
        D:5 |     655 |       0 |   0.0 |      21 |       0 |   0.0
        D:6 |     747 |    1572 |  67.8 |      14 |      22 |  61.1
        D:7 |     594 |       0 |   0.0 |       7 |       0 |   0.0
            +---------+---------+-------+---------+---------+-------
